 Dungeon Crawl Stone Soup version 0.25.1-2-g60ff931df9 (webtiles) character file.

Game seed: 6900118851523736751

144 hawla the Magician (level 5, -2/38 HPs)
             Began as a Draconian Conjurer on Nov 18, 2020.
             Slain by a goblin
             ... wielding a +0 dagger
             ... led by Robin
              (6 damage)
             ... on level 2 of the Dungeon.
             The game lasted 00:04:50 (1629 turns).

hawla the Magician (Draconian Conjurer)             Turns: 1629, Time: 00:04:50

Health: -2/38      AC:  5    Str: 10    XL:     5   Next: 5%
Magic:  8/12       EV: 12    Int: 16    God:
Gold:   97         SH:  0    Dex: 12    Spells: 6/13 levels left

rFire    . . .     SeeInvis .   d - +0 quarterstaff
rCold    . . .     Gourm    .   (shield currently unavailable)
rNeg     . . .     Faith    .   (armour unavailable)
rPois    .         Spirit   .   (helmet restricted)
rElec    .         Reflect  .   (no cloak)
rCorr    .         Harm     .   (no gloves)
MR       .....                  (no boots)
Stlth    ++........             m - amulet of the acrobat
HPRegen  0.12/turn              (no ring)
MPRegen  0.13/turn              (no ring)

@: very slightly contaminated
A: unfitting armour, cold-blooded, AC +5
a: no special abilities


You were on level 2 of the Dungeon.
You were not hungry.

You visited 1 branch of the dungeon, and saw 2 of its levels.

You collected 97 gold pieces.

Inventory:

Hand Weapons
 d - a +0 quarterstaff (weapon)
Missiles
 j - 12 poisoned darts (quivered)
Jewellery
 h - an uncursed ring of fire
 m - an amulet of the acrobat (around neck)
 n - an uncursed ring of fire
Scrolls
 g - 2 scrolls of identify
Potions
 k - a potion of lignification {unknown}
Comestibles
 b - 5 rations


   Skills:
 - Level 1.7 Dodging
 - Level 1.7 Stealth
 - Level 4.9 Spellcasting
 - Level 4.0 Conjurations
 + Level 0.0 Translocations


You had 6 spell levels left.
You knew the following spells:

 Your Spells              Type           Power        Failure   Level  Hunger
a - Magic Dart            Conj           ###.         3%          1    None
b - Searing Ray           Conj           ###...       4%          2    ##.....
c - Iskenderun's Mystic   Conj/Tloc      ##......     56%         4    ####...

Your spell library contained the following spells:

 Spells                   Type           Power        Failure   Level  Hunger
 Dazzling Flash           Conj/Hex       ##....       21%         3    ###....
 Fulminant Prism          Conj/Hex       ##........   56%         4    ####...


Dungeon Overview and Level Annotations

Branches:
Dungeon (2/15)

Altars:

Annotations:
D:2 Robin


Innate Abilities, Weirdness & Mutations

Your plain brown scales are hard. (AC +5)
You cannot fit into any form of body armour.
You are cold-blooded and may be slowed by cold attacks.


Message History

There is a stone staircase leading up, spattered with blood here.
You see here 3 poisoned darts.
Casting: Searing Ray (safe; 4% risk of failure)
Confirm with . or Enter, or press ? or * to list all spells.
The spell is extremely dangerous to cast (56% risk of failure)!
Continue anyway?
You miscast Iskenderun's Mystic Blast.
You are very lightly contaminated with residual magic.
You are caught in a violent explosion!!
Ouch! That really hurt!
The hobgoblin hits you with a +0 club.
* * * LOW HITPOINT WARNING * * *
The goblin hits you with a +0 dagger.
* * * LOW HITPOINT WARNING * * *
The goblin hits you with a +0 short sword.
* * * LOW HITPOINT WARNING * * *
A rat comes into view.
The hobgoblin hits you with a +0 club.
* * * LOW HITPOINT WARNING * * *
The goblin hits you with a +0 dagger.
You die...

####.....#######..#
#........# #..#
#.##.>...# #..#
#.##.....#######..#
#.................#
#####.###########.#
#.# #########.# #.#
!....(g...#.# #.#
#....#@g)..# #.#
#.##?g....## #.#
##.#g.g# #.#
#.#...!r #.#
#.#..#### #.#
#.#... ..# #.##.##
#. .#


You could see Robin, a hobgoblin (strong), 3 goblins and a rat.

Vanquished Creatures
  A bullfrog (D:2)
  5 adders (D:2)
  2 bats (D:1)
  4 giant cockroaches (D:1)
  5 hobgoblins
  2 frilled lizards
  12 goblins
  5 kobolds
  6 rats
42 creatures vanquished.

Notes
Turn   | Place    | Note
-------+----------+-------------------------------------------
     0 | D:1      | hawla the Draconian Conjurer began the quest for the Orb.
     0 | D:1      | Reached XP level 1. HP: 14/14 MP: 3/3
   189 | D:1      | Reached XP level 2. HP: 20/20 MP: 0/5
   193 | D:1      | Learned a level 2 spell: Searing Ray
  1152 | D:2      | Reached XP level 3. HP: 25/26 MP: 3/7
  1372 | D:2      | Reached XP level 4. HP: 33/33 MP: 6/10
  1384 | D:2      | Noticed a bullfrog
  1388 | D:2      | Killed a bullfrog
  1422 | D:2      | Reached XP level 5. HP: 35/38 MP: 0/12
  1467 | D:2      | Noticed Robin
  1610 | D:1      | Learned a level 4 spell: Iskenderun's Mystic Blast
  1629 | D:2      | Slain by a goblin

Illustrated notes

Levels and vault maps discovered:
D:1:      scummos_arrival_hexagon, layout_basic
D:2:      layout_loops_ring, lemuel_coloured_pillars_altar,
          chequers_ecumenical_altar_simple, hex_medium, trog_butcher_becter,
          uniq_terence, uniq_robin

Skill      XL: |  1  2  3 |
---------------+----------+-----
Spellcasting   | 3 4 |  4.9
Dodging        | |  1.7
Stealth        | |  1.7
Conjurations   | |  4.0

Action                   |  1- 3 |  4- 6 || total
-------------------------+-------+-------++-------
Melee: Short sword       |    14 |       ||    14
       Unarmed           |     1 |       ||     1
       Quarterstaff      |     2 |     4 ||     6
       Tailslap          |       |     1 ||     1
 Cast: Magic Dart        |    46 |    11 ||    57
       Searing Ray       |     7 |     5 ||    12
  Use: Scroll            |     4 |       ||     4
       Potion            |       |     4 ||     4
  Eat: Chunk             |     2 |     1 ||     3
Armor: Skin              |     2 |     7 ||     9
Dodge: Dodged            |    13 |    16 ||    29
